 Dungeon Crawl Stone Soup version 0.30-a0-297-g0ec75d9ef4 (webtiles) character file.

Game seed: 12611330669675924993

2216 garrulousMonolith the Skirmisher (level 9, -3/75 HPs)
             Began as a Minotaur Hunter on Oct 18, 2022.
             Was an Initiate of Cheibriados.
             Slain by a cyclops (29 damage)
             ... on level 6 of the Dungeon.
             The game lasted 00:11:05 (4799 turns).

garrulousMonolith the Skirmisher (Minotaur Hunter)  Turns: 4799, Time: 00:11:05

Health: -3/75      AC: 11    Str: 16    XL:     9   Next: 13%
Magic:  8/8        EV: 14    Int:  7    God:    Cheibriados [......]
Gold:   165        SH:  0    Dex: 20    Spells: 8/8 levels left

rFire   . . .      SeeInvis .    b - +0 trident (venom)
rCold   . . .      Faith    .    (no shield)
rNeg    . . .      Spirit   .    i - +0 ring mail
rPois   .          Reflect  .    (helmet restricted)
rElec   .          Harm     .    o - +2 cloak
rCorr   .          Rampage  .    (no gloves)
Will    .....                    k - +1 pair of boots
Stlth   ++........               C - amulet of regeneration
HPRegen 1.12/turn                x - ring of flight
MPRegen 0.11/turn                (no ring)

@: flying, very slow
A: horns 2, retaliatory headbutt
a: Renounce Religion


You were on level 6 of the Dungeon.
You worshipped Cheibriados.
Cheibriados was noncommittal.
You visited 2 branches of the dungeon, and saw 7 of its levels.
You also visited: Sewer.

You collected 165 gold pieces.

Inventory:

Hand Weapons
 a - a +0 shortbow
 b - a +0 trident of venom (weapon)
 d - a +0 dagger
 e - a +1 vorpal trident
 v - a +0 sling
 E - a +0 war axe
Missiles
 t - 3 silver boomerangs
 H - 5 poisoned darts (quivered)
Armour
 c - a +0 leather armour
 i - a +0 ring mail (worn)
 k - a +1 pair of boots (worn)
 o - a +2 cloak (worn)
Magical Staves
 f - a staff of earth
 s - a staff of air
Jewellery
 u - an amulet of faith
 x - a ring of flight (left hand)
 C - an amulet of regeneration (around neck)
 D - a ring of flight
 M - a ring of see invisible
Wands
 y - a wand of flame (8)
Scrolls
 g - 2 scrolls of enchant armour
 h - 3 scrolls of immolation
 l - a scroll of silence
 r - 2 scrolls of teleportation
 w - 7 scrolls of identify
 z - a scroll of magic mapping
 A - a scroll of poison
 B - a scroll of acquirement {unknown}
 K - a scroll of noise {unknown}
Potions
 j - 2 potions of flight
 m - 2 potions of attraction
 n - a potion of berserk rage {unknown}
 p - 4 potions of lignification
 q - 2 potions of might {unknown}
 F - 2 potions of cancellation
 G - a potion of degeneration {unknown}
 J - a potion of mutation {unknown}
 L - 2 potions of brilliance {unknown}
Miscellaneous
 N - a piece from Xom's chessboard (15/15)


   Skills:
 + Level 5.8 Fighting
 + Level 5.0 Polearms
 * Level 8.6 Ranged Weapons
 + Level 5.1 Armour
 + Level 5.3 Dodging
 + Level 4.0 Stealth
 + Level 1.2 Invocations


You had 8 spell levels left.
You didn't know any spells.
Your spell library contained the following spells:

 Spells                   Type           Power      Damage    Failure   Level
 Shock                    Conj/Air       0%         1d3       63%         1
 Swiftness                Air            0%         N/A       94%         3
 Airstrike                Air            0%         2d(0-16)  100%        4


Dungeon Overview and Level Annotations

Branches:
Dungeon (6/15)             Temple (1/1) D:6           Sewer (visited)

Altars:
Cheibriados
Dithmenos
Elyvilon
Fedhas
Gozag
Hepliaklqana
Kikubaaqudgha
Makhleb
Nemelex Xobeh
Qazlal
Ru
Trog
Uskayaw
Vehumet
Wu Jian
Xom
Yredelemnul
Zin
The Shining One

Shops:
D:3 =

Annotations:
D:4 3 runed translucent doors, freelancePsychic's ghost, weakling NaDe


Innate Abilities, Weirdness & Mutations

You have a pair of horns on your head.
You reflexively headbutt those who attack you in melee.


Message History

Found 6 stones.
There is an open door here.
You reach down and open the door.
There is an open door here.
Found a stone staircase leading down.
Found a leather armour.
w - 7 scrolls of identify (gained 1)
H - 4 poisoned darts (gained 1)
H - 5 poisoned darts (gained 1)
You reach down and open the door.
A cyclops comes into view.
A cyclops is nearby!
You shoot an arrow. The arrow hits the cyclops.
The cyclops is lightly wounded.
You shoot an arrow.
The arrow hits the cyclops but does no damage.
The cyclops is lightly wounded.
The cyclops throws a large rock.
The large rock closely misses you.
You shoot an arrow. The arrow hits the cyclops.
The cyclops is lightly wounded.
You shoot an arrow.
The arrow completely misses the cyclops.
The cyclops throws a large rock.
The large rock hits you!!
You are too injured to fight recklessly!
You are too injured to fight recklessly!
Unknown command.
Your +0 trident of venom begins to drip with poison!
b - a +0 trident of venom (weapon)
Okay, then.
Okay, then.
Found a short sword.
Found a stone staircase leading up.
The cyclops hits you!!
There is an open door, spattered with blood here.
You hit the cyclops but do no damage.
The cyclops is poisoned.
You headbutt the cyclops, but do no damage.
The cyclops is lightly wounded.
You puncture the cyclops!
The cyclops looks as sick as possible!
You headbutt the cyclops.
The cyclops is moderately wounded.
The cyclops hits you!!
You die...

#.....#...).#........
#..#####.>.#####.....
#.....#..)..#....>...
#...[#...#...#..#....
####....###.....#....
#......#.#.#..<.#....
#........#......+....
#.....>..#......####'
####@###...#.........
.......C..##.##.........
........................
...<....................
...................###'#
.).................#....
...................#....
...................#....
#####.....#####...#


You could see a cyclops (extremely poisoned).

Vanquished Creatures
  A wyvern (D:5)
  Duvessa (D:6)
  A water moccasin (D:4)
  A black bear (D:5)
  An ice beast (D:6)
  5 ogres
  2 phantoms (D:5)
  2 bullfrogs
  A scorpion (D:4)
  Dowan (D:6)
  A howler monkey (D:6)
  3 hounds
  3 jellies
  5 orc priests (D:5)
  Crazy Yiuf (D:3)
  4 iguanas
  Robin (D:4)
  10 adders
  7 gnolls
  5 river rats
  A white imp (D:5)
  6 worms
  4 dart slugs
  13 orcs
  11 ball pythons
  3 bats
  2 endoplasms (D:4)
  5 giant cockroaches
  13 goblins
  17 hobgoblins
  2 jackals (D:4)
  4 quokkas
  7 frilled lizards
  9 kobolds
  11 rats
164 creatures vanquished.

Notes
Turn   | Place    | Note
-------+----------+-------------------------------------------
     0 | D:1      | garrulousMonolith the Minotaur Hunter began the quest for
                  | the Orb.
     0 | D:1      | Reached XP level 1. HP: 18/18 MP: 0/0
    94 | D:1      | Reached skill level 1 in Stealth
    94 | D:1      | Reached XP level 2. HP: 25/25 MP: 1/1
   144 | D:1      | Found a faded altar of an unknown god.
   595 | D:1      | Reached XP level 3. HP: 30/30 MP: 2/2
   608 | D:1      | Reached skill level 1 in Armour
   720 | D:2      | Found a hide-covered altar of Uskayaw.
   906 | D:2      | Reached skill level 5 in Ranged Weapons
  1348 | D:3      | Reached skill level 1 in Polearms
  1371 | D:3      | Reached XP level 4. HP: 38/38 MP: 3/3
  1729 | D:3      | Found Gienaduiph's Jewellery Shop.
  1906 | D:3      | Found a runed translucent door.
  1907 | D:3      | Noticed Crazy Yiuf
  2079 | D:3      | Killed Crazy Yiuf
  2174 | D:4      | Noticed a scorpion
  2180 | D:4      | Killed a scorpion
  2181 | D:4      | Reached XP level 5. HP: 45/45 MP: 4/4
  2212 | D:4      | Noticed a water moccasin
  2224 | D:4      | Noticed an ogre
  2242 | D:4      | Killed an ogre
  2243 | D:4      | Reached XP level 6. HP: 47/51 MP: 5/5
  2322 | D:4      | Killed a water moccasin
  2323 | D:4      | Reached skill level 6 in Ranged Weapons
  2692 | D:4      | Found a runed translucent gate.
  2692 | D:4      | Found a runed translucent gate.
  2692 | D:4      | Found a runed translucent gate.
  2712 | D:4      | Noticed Robin
  2723 | D:4      | Killed Robin
  2724 | D:4      | Reached XP level 7. HP: 59/59 MP: 6/6
  3266 | D:4      | Noticed freelancePsychic's ghost (weakling NaDe)
  3363 | D:5      | Entered Level 5 of the Dungeon
  3415 | D:5      | Reached skill level 7 in Ranged Weapons
  3509 | D:5      | Found a glowing drain.
  3516 | Sewer    | Entered a sewer
  3543 | Sewer    | Reached XP level 8. HP: 63/67 MP: 7/7
  4159 | D:5      | Reached skill level 5 in Fighting
  4348 | D:5      | Reached skill level 8 in Ranged Weapons
  4442 | D:5      | Reached skill level 5 in Dodging
  4589 | D:6      | Found a staircase to the Ecumenical Temple.
  4597 | Temple   | Entered the Ecumenical Temple
  4635 | Temple   | Became a worshipper of Cheibriados the Contemplative
  4649 | D:6      | Noticed Dowan
  4651 | D:6      | Noticed Duvessa
  4665 | D:6      | Killed Duvessa
  4668 | D:6      | Reached skill level 5 in Armour
  4673 | D:6      | Killed Dowan
  4674 | D:6      | Reached XP level 9. HP: 41/74 MP: 8/8
  4677 | D:6      | Reached skill level 1 in Invocations
  4696 | D:6      | Reached skill level 5 in Polearms
  4791 | D:6      | Noticed a cyclops
  4799 | D:6      | Slain by a cyclops

Illustrated notes

Levels and vault maps discovered:
D:1:      minmay_arrival_plants_in_alcoves, layout_basic,
          dreamdust_ecumenical_altar_statues, minmay_misc_feat_encased
D:2:      layout_basic, basic_altar, columned_hall_lemuel,
          kennysheep_generic_room_12
D:3:      layout_rooms, serial_shops, shop, uniq_crazy_yiuf_cottage, uniq_robin
D:4:      minmay_clustersquares, layout_basic, gammafunk_ghost_necromancy
D:5:      layout_rooms, lightli_sewer_entry_pipes, hellmonk_bongcloud_opening
D:6:      layout_gridville, okawaru_gym_becter, minmay_temple_entry_arrows,
          roderic_filled_cross, roderic_lattice_a, hangedman_decor_opposing,
          amethyst_killhole, minmay_manual_monolith, uniq_duvessa
Temple:   hellmonk_temple_of_storms

Skill      XL: |  1  2  3  4  5  6  7  8  9 |
---------------+----------------------------+-----
Stealth        | 1 2 3 4 |  4.0
Armour         | 1 2 3 5 |  5.1
Ranged Weapons | 5 6 7 8 |  8.6
Fighting       | 3 4 5 |  5.8
Polearms       | 1 2 3 4 5 |  5.0
Dodging        | 3 4 5 |  5.3
Invocations    | 1 |  1.2

Action                   |  1- 3 |  4- 6 |  7- 9 || total
-------------------------+-------+-------+-------++-------
Melee: Trident           |    14 |    60 |    96 ||   170
       Headbutt          |     1 |     9 |    15 ||    25
       Punch             |       |     1 |       ||     1
 Fire: Shortbow          |    87 |    84 |   177 ||   348
Throw: Dart              |       |       |     3 ||     3
Evoke: Wand              |       |     2 |       ||     2
  Use: Scroll            |     6 |       |    11 ||    17
       Potion            |       |     2 |     3 ||     5
 Stab: Invisible         |       |     1 |       ||     1
       Sleeping          |       |     3 |     1 ||     4
Armor: Leather armour    |    13 |       |       ||    13
       Ring mail         |       |    47 |    57 ||   104
Dodge: Dodged            |    25 |    69 |   131 ||   225

Table legend: (Time is in decaauts)
 A = Elapsed time spent in this place.
 B = Non-inter-level travel time spent in this place.
 C = Inter-level travel time spent in this place.
 D = Time resting spent in this place.
 E = Time spent auto-exploring this place.
 F = Levels seen in this place.
 G = Mean time per level.
                   A        B        C        D        E       F      G
               +--------+--------+--------+--------+--------+-----+--------+
         Total |   4925 |   4646 |    279 |    555 |   2863 |   8 |  615.6 |
       Dungeon |   4353 |   4074 |    279 |    355 |   2614 |   6 |  725.5 |
        Temple |     44 |     44 |      0 |      0 |     18 |   1 |   44.0 |
         Sewer |    526 |    526 |      0 |    200 |    231 |   1 |  526.0 |
               +--------+--------+--------+--------+--------+-----+--------+

Top non-repeatable levels by time:
     D:4: 1249 daAuts
     D:3: 849 daAuts
     D:1: 706 daAuts
     D:5: 696 daAuts
     D:2: 657 daAuts
   Sewer: 526 daAuts
     D:6: 194 daAuts
  Temple: 44 daAuts
